 Dungeon Crawl Stone Soup version 0.30.2 (webtiles) character file.

Game seed: 15720167444122365680

44 porpoise the Caller (level 3, -3/26 HPs)
             Began as a Hill Orc Summoner on Feb 14, 2024.
             Slain by Natasha (8 damage)
             ... on level 2 of the Dungeon.
             The game lasted 00:03:40 (1112 turns).

porpoise the Caller (Hill Orc Summoner)             Turns: 1112, Time: 00:03:42

Health: -3/26      AC:  3    Str: 10    XL:     3   Next: 60%
Magic:  2/6        EV: 12    Int: 17    God:
Gold:   63         SH:  0    Dex: 11    Spells: 0/6 levels left

rFire   . . .        a - +0 spear
rCold   . . .        (no shield)
rNeg    . . .        c - +0 robe
rPois   .            (no helmet)
rElec   .            (no cloak)
rCorr   .            k - +0 pair of gloves
SInv    .            (no boots)
Will    .....        (no amulet)
Stlth   ++           (no ring)
HPRegen 0.24/turn    (no ring)
MPRegen 0.10/turn

%: no passive effects
@: no status effects
A: no striking features
a: no special abilities


You were on level 2 of the Dungeon.
You visited 1 branch of the dungeon, and saw 2 of its levels.

You collected 63 gold pieces.

Inventory:

Hand Weapons
 a - a +0 spear (weapon)
Missiles
 g - 6 poisoned darts
Armour
 c - a +0 robe (worn)
 k - a +0 pair of gloves (worn)
Magical Staves
 m - a staff of conjuration
Scrolls
 d - 2 scrolls of identify {unknown}
 e - a scroll of immolation {unknown}
 f - a scroll of amnesia {unknown}
 l - a scroll of fog {unknown}
Potions
 b - 2 potions of magic
 h - a potion of degeneration {unknown}
 i - 3 potions of resistance {unknown}
 j - 3 potions of flight {unknown}


   Skills:
 - Level 1.5 Dodging
 - Level 1.5 Stealth
 + Level 2.3 Spellcasting
 + Level 4.6 Summonings


You couldn't memorise any spells.
You knew the following spells:

 Your Spells              Type           Power      Damage    Failure   Level
a - Summon Small Mammal   Summ           68%        N/A       2%          1
b - Call Imp              Summ           34%        N/A       4%          2
c - Call Canine Familiar  Summ           17%        N/A       9%          3

Your spell library contained the following spells:

 Spells                   Type           Power      Damage    Failure   Level
 Summon Guardian Golem    Hex/Summ       9%         N/A       22%         3
 Summon Lightning Spire   Summ/Air       9%         N/A       58%         4


Dungeon Overview and Level Annotations

Branches:
Dungeon (2/15)

Altars:

Annotations:
D:2 Natasha


Message History

Really attack while wielding nothing? [Y]es or [N]o only, please.
Really attack while wielding nothing? [Y]es or [N]o only, please.
Really attack while wielding nothing?
Okay, then.
Unknown command.
a - a +0 spear (weapon)
Casting: Summon Small Mammal (safe; 2% risk of failure)
Confirm with . or Enter, or press ? or * to list all spells.
Natasha claws you.
The cerulean imp hits you from afar with a +2 spear.
Sorry, you're not good enough to have a special ability.
Casting: Summon Small Mammal (safe; 2% risk of failure)
Confirm with . or Enter, or press ? or * to list all spells.
The spell is quite dangerous to miscast (9% risk of failure)!
Continue anyway?
Natasha mumbles some strange words.
The cerulean imp misses you. Natasha attacks as you move away!
Natasha claws you but does no damage.
The cerulean imp attacks as you move away!
The cerulean imp misses you.
The cerulean imp closely misses your rat.
The cerulean imp hits you from afar with a +2 spear!
Your rat bites Natasha.
Natasha closely misses you.
You closely miss Natasha.
Natasha is moderately wounded.
Your hound bites Natasha.
The cerulean imp barely misses your rat.
The cerulean imp hits you from afar with a +2 spear.
Your rat closely misses Natasha.
Your hound closely misses Natasha.
Natasha claws you.
* * * LOW HITPOINT WARNING * * *
You hit Natasha.
Natasha is heavily wounded.
The rat bites your rat.
Your hound bites Natasha.
The cerulean imp hits your rat with a +2 spear.
Your rat dies!
Your rat's corpse disappears in a puff of smoke!
Natasha claws you!
You die...

# . ####.# .#
...#.# ## ####.#
##.#.. .....#.#+#
##.#.## .#........
...... .........
####.#
##########).##....
####.#
#........@.h......
.....#
#.########h§#####.
###.(###.# #r55..#
##..##.# ......#
#.....# ##.#..<...
###.### #.#...##.
..... ........
####..##.
#.#####.. #.......
#.# $.


You could see Natasha (ally target), 2 cerulean imps, a rat and a friendly hound
(summoned).

Vanquished Creatures
  2 adders (D:2)
  2 bats (D:1)
  3 giant cockroaches (D:1)
  A hobgoblin (D:2)
  A quokka (D:2)
  A ball python (D:1)
  4 rats (D:1)
14 creatures vanquished.

Vanquished Creatures (collateral kills)
  An endoplasm (D:1)
  2 giant cockroaches
  2 hobgoblins (D:1)
  2 ball pythons
  A bat (D:1)
  A frilled lizard (D:1)
  2 kobolds (D:1)
  2 rats (D:1)
13 creatures vanquished.

Grand Total: 27 creatures vanquished

Notes
Turn   | Place    | Note
-------+----------+-------------------------------------------
     0 | D:1      | porpoise the Hill Orc Summoner began the quest for the Orb.
     0 | D:1      | Reached XP level 1. HP: 14/14 MP: 3/3
   192 | D:1      | Reached XP level 2. HP: 20/20 MP: 4/4
   896 | D:2      | Reached XP level 3. HP: 15/26 MP: 4/6
   947 | D:2      | Learned a level 2 spell: Call Imp
   951 | D:2      | Learned a level 3 spell: Call Canine Familiar
  1104 | D:2      | Noticed Natasha
  1112 | D:2      | Slain by Natasha

Illustrated notes

Levels and vault maps discovered:
D:1:      dpeg_arrival_round_a, layout_basic
D:2:      layout_basic, basic_altar, uniq_robin, uniq_jessica, uniq_natasha

Skill      XL: |  1  2 |
---------------+-------+-----
Spellcasting   | 2 |  2.3
Dodging        | |  1.5
Stealth        | |  1.5
Summonings     | |  4.6

Action                     || total
---------------------------++-------
  Melee: Spear             ||    73
   Cast: Summon Small Mamm ||    29
         Call Imp          ||     1
         Call Canine Famil ||     1
   Stab: Distracted        ||     1
 Armour: Robe              ||    23
  Dodge: Dodged            ||    48
